 Dungeon Sprint DCSS version 0.28.0-43-g3370ac3207 (webtiles) character file.

Game seed: 12634970583673103753

556 boopmooplesden the Carver (level 7, -5/75 HPs)
             Began as a Minotaur Berserker on Mar 17, 2022.
             Was a Believer of Trog.
             Slain by a sun demon (12 damage)
             ... summoned by a kobold demonologist
             ... in the Dungeon (Sprint I: "Red Sonja").
             The game lasted 00:00:48 (442 turns).

boopmooplesden the Carver (Minotaur Berserker)       Turns: 442, Time: 00:00:48

Health: -5/75      AC:  6    Str: 22    XL:     7   Next: 8%
Magic:  6/6        EV: 13    Int:  4    God:    Trog [**....]
Gold:   270        SH:  0    Dex: 11    Spells: 6/6 levels left

rFire   . . .      SeeInvis .   a - +0 falchion
rCold   . . .      Faith    .   (no shield)
rNeg    . . .      Spirit   .   j - +0 ring mail
rPois   .          Reflect  .   (helmet restricted)
rElec   .          Harm     .   (no cloak)
rCorr   .          Rampage  .   (no gloves)
Will    .....      NoTele   +   (no boots)
Stlth   +.........              (no amulet)
HPRegen 0.22/turn               (no ring)
MPRegen 0.10/turn               (no ring)

@: on berserk cooldown, slowed, very slow
A: horns 2, retaliatory headbutt
a: Renounce Religion, Berserk, Trog's Hand


You were in the Dungeon.
You worshipped Trog.
Trog was pleased with you.
You visited 1 branch You collected 270 gold pieces.

Inventory:

Hand Weapons
 a - a +0 falchion (weapon)
 k - a +0 scythe of venom
Armour
 b - a +0 animal skin
 j - a +0 ring mail (worn)
Wands
 i - a wand of mindburst (10)
Scrolls
 h - a scroll of blinking
Potions
 c - a potion of curing
 d - a potion of heal wounds
 e - a potion of haste
 f - 2 potions of magic
 g - a potion of berserk rage


   Skills:
 + Level 11.7 Fighting
 + Level 12.0 Long Blades
 + Level 6.7 Armour
 + Level 5.9 Dodging


You had 6 spell levels left.
You didn't know any spells.
Your spell library was empty.

Dungeon Overview and Level Annotations

Branches:
Dungeon (1/1)

Altars:
Makhleb
Xom
Jiyva
Lugonu


Innate Abilities, Weirdness & Mutations

You have a pair of horns on your head.
You reflexively headbutt those who attack you in melee.


Message History

A kobold demonologist comes into view. It is wielding a +2 dagger of venom.
You feel a strong urge to attack something.
There is an open door here.
The kobold demonologist gestures wildly while chanting.
The kobold demonologist hits you but does no damage.
You feel your anger nearly subside.
You are no longer berserk.
You are exhausted.
You feel yourself slow down. The floating eye seems to glare at you.
There is an open door here.
You slash the floating eye!
You kill the floating eye!
Trog accepts your kill. The white imp barely misses you.
You furiously retaliate!
You headbutt the white imp.
The kobold demonologist mumbles some strange words.
Your Long Blades skill increases to level 12!
You have reached level 7!
You slash the kobold demonologist!
The kobold demonologist is moderately wounded.
The white imp disappears for a moment.
The white imp hits you but does no damage.
The sun demon hits you!
You are engulfed in flames!
The kobold demonologist hits you with a +0 dagger.
You barely miss the kobold demonologist.
The kobold demonologist is moderately wounded.
The white imp barely misses you. The sun demon barely misses you.
The kobold demonologist hits you but does no damage.
The kobold demonologist looks braver for a moment.
You slash the kobold demonologist!
The kobold demonologist is heavily wounded.
The sun demon hits you!
You are engulfed in flames!
The kobold demonologist begins to cast a cantrip, but forgets the words!
The kobold demonologist casts a spell.
You hit the kobold demonologist.
The kobold demonologist is severely wounded.
The sun demon hits you!!
* * * LOW HITPOINT WARNING * * *
You are engulfed in flames!
You die...

#####################
)').#..'..#__#..@K5.#
.#..'[.#..'..'.3#5K4#
###'#####+#__####55.+
#..# #### ##### ####


You could see a sun demon (summoned), a rust devil (summoned), 2 kobold
demonologists, 2 quasits and 2 white imps.

Vanquished Creatures
  A slime creature (D)
  Sigmund (D)
  A floating eye (D)
  An ogre (D)
  Ijyb (D)
5 creatures vanquished.

Notes
Turn   | Place    | Note
-------+----------+-------------------------------------------
     0 | D        | boopmooplesden the Minotaur Berserker began the quest for
                  | the Orb.
     0 | D        | Reached XP level 1. HP: 19/19 MP: 0/0
     3 | D        | Noticed Ijyb
     6 | D        | Killed Ijyb
     7 | D        | Reached skill level 5 in Fighting
     7 | D        | Reached skill level 5 in Long Blades
     7 | D        | Reached XP level 2. HP: 30/30 MP: 1/1
    52 | D        | Noticed an ogre
    53 | D        | Killed an ogre
    54 | D        | Reached skill level 7 in Long Blades
    54 | D        | Reached XP level 3. HP: 40/40 MP: 2/2
    54 | D        | Reached XP level 4. HP: 48/48 MP: 3/3
    81 | D        | Noticed Sigmund
    90 | D        | Killed Sigmund
    90 | D        | Reached ** piety under Trog
    91 | D        | Reached skill level 10 in Long Blades
    91 | D        | Reached skill level 5 in Armour
    91 | D        | Reached XP level 5. HP: 58/58 MP: 4/4
    91 | D        | Reached XP level 6. HP: 66/66 MP: 5/5
   126 | D        | Found a burning altar of Makhleb.
   126 | D        | Found a viscous altar of Jiyva.
   126 | D        | Found a shimmering altar of Xom.
   126 | D        | Found a corrupted altar of Lugonu.
   126 | D        | Noticed a slime creature
   134 | D        | Killed a slime creature
   135 | D        | Reached skill level 11 in Long Blades
   135 | D        | Reached skill level 5 in Dodging
   433 | D        | Noticed a kobold demonologist
   433 | D        | Noticed a floating eye
   434 | D        | Noticed a kobold demonologist
   438 | D        | Killed a floating eye
   439 | D        | Reached skill level 12 in Long Blades
   439 | D        | Reached XP level 7. HP: 75/75 MP: 6/6
   439 | D        | Noticed a sun demon
   442 | D        | Noticed a rust devil
   442 | D        | Slain by a sun demon

Illustrated notes

Levels and vault maps discovered:
D:        dungeon_sprint_1 [red_sonja_temple_1, red_sonja_temple_small_1]

Skill      XL: |  1  2  3  4  5  6 |
---------------+-------------------+-----
Fighting       | 5 7 9 11 | 11.7
Long Blades    | 5 7 10 12 | 12.0
Armour         | 3 4 5 6 |  6.7
Dodging        | 3 4 5 |  5.9

Action                   |  1- 3 |  4- 6 |  7- 9 || total
-------------------------+-------+-------+-------++-------
Melee: Falchion          |     3 |    15 |     4 ||    22
       Headbutt          |     1 |     3 |       ||     4
Invok: Berserk           |     2 |     3 |       ||     5
Armor: Ring mail         |       |     2 |     2 ||     4
Dodge: Dodged            |     1 |     1 |     2 ||     4
